 Dungeon Crawl Stone Soup version 0.31-a0-986-g5e6e4ef867 (webtiles) character file.

Game seed: 12003518245786230334

3135 zenocrate the Frost Mage (level 9, -4/52 HPs)
             Began as a Gargoyle Ice Elementalist on Nov 8, 2023.
             Was a Follower of Vehumet.
             Killed from afar by an acid dragon (36 damage)
             ... with a splash of acid
             ... on level 8 of the Dungeon.
             The game lasted 00:12:30 (7655 turns).

zenocrate the Frost Mage (GrIE)                     Turns: 7655, Time: 00:12:31

Health: -4/52      AC: 21    Str: 13    XL:     9   Next: 92%
Magic:  12/20      EV: 11    Int: 19    God:    Vehumet [*.....]
Gold:   332        SH:  0    Dex: 10    Spells: 4/23 levels left

rFire   . . .        b - +1 whip (elec)
rCold   . . .        (no shield)
rNeg    + + .        c - +0 robe
rPois   ∞            p - +0 helmet
rElec   +            q - +0 cloak
rCorr   .            v - +0 pair of gloves
SInv    .            k - +1 pair of boots
Will    .....        (no amulet)
Stlth   ++           s - ring of positive energy
HPRegen 0.28/turn    (no ring)
MPRegen 0.17/turn

%: no passive effects
@: ice-armoured, freezing walls, very slightly contaminated
A: sickness immunity, AC +6, negative energy resistance 1, electricity
resistance, torment resistance 1, petrification resistance
a: Renounce Religion


You were on level 8 of the Dungeon.
You worshipped Vehumet.
Vehumet was aware of your devotion.
You visited 2 branches of the dungeon, and saw 9 of its levels.
You also visited: Ossuary.

You collected 332 gold pieces.

Inventory:

Hand Weapons
 a - a +0 morningstar
 b - a +1 whip of electrocution (weapon)
 I - a +1 flail of holy wrath
Missiles
 J - 2 throwing nets
Armour
 c - a +0 robe (worn)
 i - a +0 buckler
 k - a +1 pair of boots (worn)
 p - a +0 helmet (worn)
 q - a +0 cloak (worn)
 v - a +0 pair of gloves (worn)
Jewellery
 s - a ring of positive energy (left hand)
Wands
 d - a wand of flame (14)
 H - a wand of iceblast (5)
Scrolls
 g - a scroll of fear
 j - a scroll of immolation {unknown}
 l - 3 scrolls of enchant armour
 o - 2 scrolls of fog
 r - a scroll of acquirement {unknown}
 t - 2 scrolls of blinking {unknown}
 w - a scroll of amnesia {unknown}
 y - a scroll of enchant weapon {unknown}
 A - 2 scrolls of revelation
 C - 2 scrolls of torment {unknown}
 G - a scroll of teleportation
 K - a scroll of silence
Potions
 e - 2 potions of magic
 f - 2 potions of curing
 h - a potion of heal wounds
 m - 6 potions of brilliance
 n - 2 potions of resistance
 u - a potion of mutation
 x - a potion of invisibility
 z - a potion of enlightenment
 B - a potion of lignification {unknown}
 D - a potion of attraction {unknown}
 E - a potion of berserk rage {unknown}
 F - a potion of might {unknown}


   Skills:
 - Level 4.1 Fighting
 + Level 5.6 Maces & Flails
 - Level 1.5 Dodging
 - Level 2.2 Stealth
 + Level 7.6 Spellcasting
 + Level 0.0 Conjurations
 - Level 2.3 Summonings
 + Level 0.0 Fire Magic
 - Level 8.7 Ice Magic


You had 4 spell levels left.
You knew the following spells:

 Your Spells              Type           Power      Damage    Failure   Level
a - Foxfire               Conj/Fire      28%        2x1d5     10%         1
b - Frozen Ramparts       Ice            80%        1d13      1%          3
c - Ozocubu's Armour      Ice            40%        N/A       1%          3
d - Summon Ice Beast      Ice/Summ       28%        N/A       10%         4
e - Leda's Liquefaction   Hex/Erth       3%         N/A       67%         4
f - Freeze                Ice            100%       1d10      1%          1
y - Swiftness             Air            7%         N/A       28%         3

Your spell library contained the following spells:

 Spells                   Type           Power      Damage    Failure   Level
 Ensorcelled Hibernation  Hex/Ice        46%        N/A       2%          2
 Call Canine Familiar     Summ           16%        N/A       11%         3
 Passwall                 Tmut/Erth      5%         N/A       14%         2
 Gell's Gravitas          Tloc           7%         N/A       28%         3
 Sigil of Binding         Hex            7%         N/A       28%         3
 Teleport Other           Tloc           7%         N/A       28%         3
 Tukima's Dance           Hex            7%         N/A       28%         3
 Dimensional Bullseye     Hex/Tloc       3%         N/A       67%         4
 Iskenderun's Mystic Bla  Conj/Tloc      7%         2d4       67%         4
 Dispersal                Tloc           3%         N/A       100%        6


Dungeon Overview and Level Annotations

Branches:
Dungeon (8/15)             Temple (1/1) D:6         Ossuary (visited)
   Lair: D:8-11

Altars:
Ashenzari
Cheibriados
Dithmenos
Elyvilon
Fedhas
Gozag
Kikubaaqudgha
Makhleb
Nemelex Xobeh
Okawaru
Qazlal
Ru
Sif Muna
Trog
Vehumet
Wu Jian
Xom
Yredelemnul
Zin
The Shining One


Innate Abilities, Weirdness & Mutations

You are immune to sickness and miasma.
Your stone body is resilient. (AC +6)
You are immune to poison.
You resist negative energy. (rN+)
You are resistant to electric shocks. (rElec)
You are resistant to unholy torment.
You are immune to petrification.


Message History

The acid dragon spits acid at you. The splash of acid hits you!
An acid dragon is nearby!
The acid dragon bites you but does no damage.
The acid dragon barely misses you.
You hit the acid dragon but do no damage.
You hit the acid dragon but do no damage.
Lightning courses through the acid dragon!
The acid dragon is moderately wounded.
The acid dragon misses you. The acid dragon claws you.
Casting: Freeze (safe; 1% risk of failure)
Confirm with . or Enter, or press ? or * to list all spells.
You miscast Foxfire.
You are very lightly contaminated with residual magic.
Nothing appears to happen.
The acid dragon bites you but does no damage.
The acid dragon barely misses you.
Unknown command.
Casting: Foxfire (safe; 10% risk of failure)
Confirm with . or Enter, or press ? or * to list all spells.
Casting: Frozen Ramparts (safe; 1% risk of failure)
Press: ? - help, Dir - look around, f - activate The walls around you are covered in ice.
The wall freezes the acid dragon.
The acid dragon bites you. The acid dragon claws you.
Unknown command.
Casting: Frozen Ramparts (safe; 1% risk of failure)
Confirm with . or Enter, or press ? or * to list all spells.
A film of ice covers your body!
The wall freezes the acid dragon.
The acid dragon bites you! The acid dragon barely misses you.
Unknown command.
Unknown command.
Casting: Ozocubu's Armour (safe; 1% risk of failure)
Confirm with . or Enter, or press ? or * to list all spells.
You conjure some foxfire!
The wall freezes the acid dragon but does no damage.
The acid dragon spits acid at you. The splash of acid hits you!!!
Ouch! That really hurt!
You die...

####.#.#
#......#
#......#
#......#
#......#
#......### #
#..vv....#....
#.D@..<.[...#
####.#......#
#.#......#
#.#......#
#.#......#
#.#......#
#.#......#
#.#......#


You could see an acid dragon (catching breath, ally target).

Vanquished Creatures
  Pikel (D:4)
  A hornet (D:7)
  Grinder (D:4)
  Sigmund (D:2)
  Eustachio (D:4)
  Menkaure (D:6)
  2 orc warriors
  A black bear (D:4)
  An ice beast (D:6)
  An ogre (D:6)
  A bullfrog (D:7)
  3 scorpions
  A water moccasin zombie (Ossuary)
  2 bullfrog zombies (Ossuary)
  3 centaur zombies (Ossuary)
  5 orc priests
  A gnoll bouda (D:5)
  5 hounds
  2 jellies
  2 iguanas (D:6)
  3 sleepcaps
  Jessica (D:2)
  A scorpion zombie (Ossuary)
  3 orc wizards
  An ogre zombie (Ossuary)
  A mummy (Ossuary)
  9 gnolls
  4 adders
  A white imp (D:7)
  4 adder zombies (Ossuary)
  6 worms
  A dart slug (D:1)
  26 orcs
  4 bats
  8 endoplasms
  2 giant cockroaches
  3 gnoll zombies (Ossuary)
  7 hobgoblins
  5 jackals (D:1)
  A quokka (D:1)
  10 ball pythons
  11 frilled lizards
  8 goblins
  2 goblin zombies (Ossuary)
  3 hobgoblin zombies (Ossuary)
  13 kobolds
  4 orc zombies (Ossuary)
  7 rats
  A spectral orc (D:5)
186 creatures vanquished.

Notes
Turn   | Place    | Note
-------+----------+-------------------------------------------
     0 | D:1      | zenocrate the Gargoyle Ice Elementalist began the quest for
                  | the Orb.
     0 | D:1      | Reached XP level 1. HP: 10/10 MP: 3/3
   239 | D:1      | Reached XP level 2. HP: 10/15 MP: 3/5
   616 | D:1      | Reached XP level 3. HP: 8/19 MP: 0/6
   620 | D:1      | Learned a level 3 spell: Frozen Ramparts
   624 | D:1      | Learned a level 3 spell: Ozocubu's Armour
  1321 | D:2      | Reached skill level 1 in Maces & Flails
  1407 | D:2      | Noticed Jessica
  1415 | D:2      | Killed Jessica
  1416 | D:2      | Reached XP level 4. HP: 20/24 MP: 5/8
  2048 | D:2      | Noticed Sigmund
  2054 | D:2      | Killed Sigmund
  2055 | D:2      | Reached skill level 5 in Ice Magic
  2055 | D:2      | Reached XP level 5. HP: 24/28 MP: 3/10
  2055 | D:2      | Reached XP level 6. HP: 28/32 MP: 3/11
  2151 | D:2      | Learned a level 4 spell: Summon Ice Beast
  2274 | D:3      | Found a radiant altar of Vehumet.
  2734 | D:3      | Noticed an angel
  2735 | D:3      | Found a shimmering altar of Xom.
  2735 | D:3      | Found a glowing silver altar of Zin.
  2749 | D:3      | Found an ornate altar of the Wu Jian Council.
  3464 | D:4      | Noticed Eustachio
  3489 | D:4      | Killed Eustachio
  3490 | D:4      | Reached XP level 7. HP: 5/36 MP: 1/14
  3617 | D:4      | Reached skill level 5 in Spellcasting
  3617 | D:4      | Reached skill level 6 in Ice Magic
  3705 | D:4      | Noticed Grinder
  3709 | D:4      | Paralysed by Grinder for 5 turns
  3746 | D:4      | Paralysed by Grinder for 3 turns
  3749 | D:4      | Killed Grinder
  3750 | D:4      | Reached skill level 1 in Fighting
  3867 | D:4      | Noticed Pikel
  3876 | D:4      | Reached XP level 8. HP: 34/45 MP: 6/16
  3879 | D:4      | Killed Pikel
  3880 | D:4      | Reached skill level 7 in Ice Magic
  4240 | D:4      | Learned a level 3 spell: Swiftness
  4260 | D:5      | Entered Level 5 of the Dungeon
  4606 | D:5      | Found a glowing golden altar of the Shining One.
  4924 | D:5      | Reached XP level 9. HP: 49/52 MP: 13/18
  4929 | D:5      | Learned a level 4 spell: Leda's Liquefaction
  5110 | D:5      | Found a basalt altar of Yredelemnul.
  5385 | D:6      | Reached skill level 1 in Summonings
  5426 | D:6      | Found a staircase to the Ecumenical Temple.
  5446 | D:6      | Noticed Menkaure
  5459 | D:6      | Killed Menkaure
  5539 | Temple   | Entered the Ecumenical Temple
  5630 | D:3      | Became a worshipper of Vehumet
  6001 | D:6      | Reached skill level 8 in Ice Magic
  6541 | D:7      | Found a sand-covered staircase.
  6547 | Ossuary  | Entered an ossuary
  6614 | Ossuary  | Reached * piety under Vehumet
  6614 | Ossuary  | Offered knowledge of Foxfire by Vehumet.
  6858 | Ossuary  | Reached skill level 5 in Maces & Flails
  6869 | Ossuary  | Noticed a silent spectre
  7021 | D:7      | Noticed a hornet
  7031 | D:7      | Killed a hornet
  7521 | D:7      | Learned a level 1 spell: Foxfire
  7655 | D:8      | Killed from afar by an acid dragon

Illustrated notes

Levels and vault maps discovered:
D:1:      mrwooster_arrival_arrow, layout_basic, serial_curves, eino_curves_01,
          eino_curves_04
D:2:      layout_loops_ring, hangedman_decor_opposing, uniq_sigmund,
          uniq_jessica
D:3:      minmay_recursive_quarters, layout_basic,
          grunt_temple_overflow_order_and_chaos_1,
          mainiacjoe_overflow_catwalk_spiral,
          mainiacjoe_sewer_entry_somewhere_in_here_2
D:4:      layout_basic, uniq_pikel, uniq_grinder, uniq_eustachio
D:5:      layout_loops_cross, mainiacjoe_overflow_brackets,
          yredelemnul_forgotten_temple_becter
D:6:      layout_basic, minmay_temple_entry_drinking_statues,
          minmay_misc_feat_five, uniq_menkaure
D:7:      layout_basic, enter_ossuary_2, minmay_misc_feat_room
D:8:      wander_river, layout_basic, mainiacjoe_overflow_paths, uniq_maurice
Temple:   nicolae_temple_great_sept

Skill      XL: |  1  2  3  4  5  6  7  8  9 |
---------------+----------------------------+-----
Maces & Flails | 1 2 3 5 |  5.6
Spellcasting   | 3 4 5 6 7 |  7.6
Ice Magic      | 5 6 7 8 |  8.7
Fighting       | 2 4 |  4.1
Summonings     | 2 |  2.3
Dodging        | |  1.5
Stealth        | |  2.2

Action                     |  1- 3 |  4- 6 |  7- 9 || total
---------------------------+-------+-------+-------++-------
  Melee: Dagger            |    72 |    59 |       ||   131
         Unarmed           |     3 |       |       ||     3
         Short sword       |     1 |       |       ||     1
         Mace              |       |    13 |    31 ||    44
         Punch             |       |       |     2 ||     2
         Flail             |       |       |   147 ||   147
         Whip              |       |       |    27 ||    27
   Cast: Freeze            |    47 |    40 |    80 ||   167
         Frozen Ramparts   |       |     9 |    24 ||    33
         Ozocubu's Armour  |       |     3 |    16 ||    19
         Foxfire           |       |       |     1 ||     1
    Use: Scroll            |       |     4 |     9 ||    13
         Potion            |       |       |     3 ||     3
   Stab: Sleeping          |     1 |     2 |     1 ||     4
 Armour: Robe              |    71 |    80 |   257 ||   408
  Dodge: Dodged            |    72 |    50 |   189 ||   311

Table legend: (Time is in decaauts)
 A = Elapsed time spent in this place.
 B = Non-inter-level travel time spent in this place.
 C = Inter-level travel time spent in this place.
 D = Time resting spent in this place.
 E = Time spent auto-exploring this place.
 F = Levels seen in this place.
 G = Mean time per level.
                   A        B        C        D        E       F      G
               +--------+--------+--------+--------+--------+-----+--------+
         Total |   7700 |   7307 |    393 |      2 |   5855 |  10 |  770.0 |
       Dungeon |   7292 |   6901 |    391 |      2 |   5608 |   8 |  911.5 |
        Temple |      4 |      3 |      1 |      0 |      0 |   1 |    4.0 |
       Ossuary |    403 |    403 |      0 |      0 |    247 |   1 |  403.0 |
               +--------+--------+--------+--------+--------+-----+--------+

Top non-repeatable levels by time:
     D:4: 1239 daAuts
     D:1: 1219 daAuts
     D:3: 1080 daAuts
     D:6: 1047 daAuts
     D:5: 979 daAuts
     D:2: 976 daAuts
     D:7: 741 daAuts
 Ossuary: 403 daAuts
     D:8: 8 daAuts
  Temple: 4 daAuts
